AoeStats
← 17 The King

Socotra

504314020Analyzed
2v2 RM · 27d ago on Sep 4, 2026· 28m 26s· 4 players
Game mode
Random Map
Map size
Tiny (2 player)
Population
200
Speed
Normal
Resources
Standard
Victory
Conquest
Starting age
Dark Age
Ending age
Imperial Age
RankedLock teamsTeams togetherTeam positionsShared explorationLock speedFull tech treeHidden civsTurbo modeCheats
Victory
Defeat
🇵🇪 Mongols · Peru
1115
+13
🇩🇪 Sicilians · Germany
1044
+17
🇳🇱 Turks · Netherlands
1128
-18
🇳🇱 Maya · Netherlands
993
-12
solmir
8:35 Loom
12:18 Feudal Age
12:44 Double-Bit Axe
12:46 Horse Collar
20:15 Fletching
23:25 Castle Age
21:56 Scale Mail Armor
23:58 Arson
25:33 Chain Mail Armor
25:21 Squires
ASDF
7:43 Loom
10:15 Feudal Age
10:49 Double-Bit Axe
14:13 Fletching
15:43 Wheelbarrow
14:53 Horse Collar
19:27 Gold Mining
23:58 Castle Age
22:33 Scale Barding Armor
24:46 Forging
25:22 Heavy Plow
25:41 Husbandry
25:52 Bloodlines
28:12 Bow Saw
Rini
11:28 Feudal Age
12:09 Double-Bit Axe
19:27 Castle Age
19:24 Scale Mail Armor
20:50 Chain Mail Armor
22:07 Forging
24:38 Eagle Warrior
17 The King
7:16 Loom
9:49 Feudal Age
10:21 Double-Bit Axe
10:43 Horse Collar
20:22 Town Watch
20:52 Stone Mining
23:54 Castle Age
22:35 Gold Mining
26:04 Bow Saw
Connection lost

Rejoining the realm…

Still unreachable

The connection could not be restored.

Session expired

The server has moved on; the page needs a fresh start.